 Dungeon Crawl Stone Soup version 0.28.0-1-gb440e238dd (webtiles) character file.

Game seed: 10825883239444955529

29630 issech the Basher (level 13, -18/111 HPs)
             Began as a Troll Monk on Feb 19, 2022.
             Was a High Priest of Hepliaklqana.
             Shot with an arrow by something (20 damage)
             ... on level 5 of the Lair of Beasts.
             The game lasted 00:56:20 (13116 turns).

issech the Basher (Troll Monk)                     Turns: 13116, Time: 00:56:22

Health: -18/111    AC: 17    Str: 22    XL:     13   Next: 16%
Magic:  12/12      EV: 11    Int:  6    God:    Hepliaklqana [*****.]
Gold:   533        SH: 16    Dex: 16    Spells: 12/12 levels left

rFire   . . .      SeeInvis .   H - +1 eveningstar (protect)
rCold   . . .      Faith    .   l - +0 tower shield
rNeg    . . .      Spirit   .   L - +2 troll leather armour {Snorg}
rPois   .          Reflect  .   (helmet restricted)
rElec   .          Harm     .   j - +0 cloak
rCorr   .          Rampage  .   (gloves unavailable)
Will    .....                   (boots unavailable)
Stlth   +++.......              (no amulet)
HPRegen 1.88/turn               E - +4 ring of protection
MPRegen 0.13/turn               w - +4 ring of protection

@: lethally poisoned (-18 -> -22), about to teleport, studying Poison Magic
A: reduced essence, large, unfitting armour, claws 3, regeneration 1, shaggy fur
1, tough skin 1
a: Renounce Religion, Recall Ancestor, Ancestor Identity, Transference, Idealise


You were on level 5 of the Lair of Beasts.
You worshipped Hepliaklqana.
Hepliaklqana was extremely pleased with you.
You visited 3 branches of the dungeon, and saw 15 of its levels.

You collected 910 gold pieces.
You spent 377 gold pieces at shops.

Inventory:

Hand Weapons
 i - a +2 vampiric rapier
 y - a +3 flail
 B - the +0 mace of Ifucigol {spect, rF+}
   (You bought it in a shop on level 9 of the Dungeon)

   When its wielder attacks, the weapon's spirit leaps out and strikes again.
   The spirit shares a part of any damage it takes with its wielder.
   rF:        It protects you from fire.
 H - a +1 eveningstar of protection (weapon)
 X - a +1 dire flail of holy wrath
 Y - a +4 long sword
 Z - a +3 mace
Missiles
 a - 5 silver javelins
 d - 429 stones (quivered)
 k - 4 datura-tipped darts
 q - 53 bolts
 v - 6 atropa-tipped darts
 C - 21 poisoned darts
 D - 82 arrows
 I - 68 sling bullets
 W - 3 boomerangs
Armour
 j - a +0 cloak (worn)
 l - a +0 tower shield (worn)
 s - the +2 robe of Submission {Rampage Archmagi}
   (You bought it in a shop on level 3 of the Dungeon)

   Rampage:   It bestows one free step when moving towards enemies.
   Archmagi:  It increases the power of your magical spells.
 L - a +2 troll leather armour (worn) {Snorg}
Jewellery
 f - a ring of protection from fire
 m - a ring of positive energy
 p - a ring of poison resistance
 w - a +4 ring of protection (right claw)
 E - a +4 ring of protection (left claw)
 S - a +6 ring of intelligence
 U - a ring of willpower
Wands
 c - a wand of paralysis (6)
 h - a wand of iceblast (4)
 t - a wand of digging (5)
 x - a wand of flame (9)
 T - a wand of mindburst (38)
Scrolls
 e - a scroll of blinking
 g - 9 scrolls of teleportation
 u - 4 scrolls of amnesia
 z - 3 scrolls of fear
 A - 3 scrolls of enchant armour
 M - 2 scrolls of holy word
 O - 2 scrolls of enchant weapon
 V - 3 scrolls of magic mapping
Potions
 b - 2 potions of magic
 n - 4 potions of heal wounds
 o - 2 potions of lignification
 r - a potion of invisibility
 F - 3 potions of brilliance {unknown}
 G - 2 potions of haste {unknown}
 J - a potion of mutation {unknown}
 K - 2 potions of attraction {unknown}
 N - 2 potions of berserk rage {unknown}
 P - 5 potions of flight {unknown}
 Q - 6 potions of curing {unknown}
 R - 2 potions of might


   Skills:
 + Level 7.4 Fighting
 + Level 13.3 Maces & Flails
 + Level 0.1 Armour
 + Level 8.1 Dodging
 + Level 4.2 Stealth
 + Level 9.3 Shields


You had 12 spell levels left.
You didn't know any spells.
Your spell library contained the following spells:

 Spells                   Type           Power      Damage    Failure   Level
 Animate Skeleton         Necr           0%         N/A       94%         1
 Apportation              Tloc           0%         N/A       94%         1
 Foxfire                  Conj/Fire      0%         2x1d4     94%         1
 Slow                     Hex            0%         N/A       94%         1
 Summon Small Mammal      Summ           0%         N/A       94%         1
 Ensorcelled Hibernation  Hex/Ice        0%         N/A       98%         2
 Passwall                 Tmut/Erth      0%         N/A       98%         2
 Static Discharge         Conj/Air       0%         N/A       98%         2
 Confusing Touch          Hex            0%         N/A       100%        3
 Conjure Flame            Conj/Fire      0%         6-21      100%        3
 Dazzling Flash           Conj/Hex       0%         N/A       100%        3
 Inner Flame              Hex/Fire       0%         N/A       100%        3
 Stone Arrow              Conj/Erth      0%         3d7       100%        3
 Swiftness                Air            0%         N/A       100%        3
 Tukima's Dance           Hex            0%         N/A       100%        3
 Vampiric Draining        Necr           0%         2d6       100%        3
 Anguish                  Hex/Necr       0%         N/A       100%        4
 Animate Armour           Summ/Erth      0%         N/A       100%        4
 Flame Wave               Conj/Fire      0%         2d4       100%        4
 Iskenderun's Mystic Bla  Conj/Tloc      0%         2d3       100%        4
 Alistair's Intoxication  Tmut/Pois      0%         N/A       100%        5
 Borgnjor's Vile Clutch   Necr/Erth      0%         N/A       100%        5
 Lightning Bolt           Conj/Air       0%         1d11      100%        5
 Eringya's Noxious Bog    Tmut/Pois      0%         N/A       100%        6
 Starburst                Conj/Fire      0%         6d3       100%        6
 Enfeeble                 Hex            0%         N/A       100%        7
 Lehudib's Crystal Spear  Conj/Erth      0%         10d2      100%        8
 Maxwell's Capacitive Co  Air            0%         ∞         100%        8


Dungeon Overview and Level Annotations

Branches:
Dungeon (9/15)             Temple (1/1) D:4            Lair (5/6) D:9
 Shoals (0/4) Lair:4       Spider (0/4) Lair:2        Slime (0/5) Lair:5
    Orc: D:9-12

Altars:
Ashenzari
Cheibriados
Dithmenos
Elyvilon
Fedhas
Hepliaklqana
Kikubaaqudgha
Makhleb
Nemelex Xobeh
Okawaru
Qazlal
Ru
Sif Muna
Trog
Uskayaw
Vehumet
Wu Jian
Xom
Yredelemnul
Zin
The Shining One
Jiyva

Shops:
D:1 [:   D:3 [   D:9 (

Annotations:
Lair:5 1 runed translucent door, Nessos


Innate Abilities, Weirdness & Mutations

Your life essence is reduced to manifest your ancestor. (-10% HP)
You are too large for most types of armour.
You have claws for hands.
Your natural rate of healing is unusually fast.
You are covered in fur. (AC +1)
You have tough skin. (AC +1)


Message History

You feel sick.
You hear a loud twanging sound.
An arrow appears from out of thin air!
The arrow completely misses you.
You feel sick.
You hear a loud twanging sound.
An arrow appears from out of thin air!
The arrow hits you! The arrow burns you.
You are more poisoned.
You feel very sick.
You hear a loud twanging sound.
An arrow appears from out of thin air!
You block the arrow.
You feel very sick.
You hear a loud twanging sound.
An arrow appears from out of thin air!
The arrow hits you! The arrow burns you!
You feel very sick.
An arrow appears from out of thin air!
You block the arrow.
You feel very sick.
An arrow appears from out of thin air!
The arrow hits you!
* * * LOW HITPOINT WARNING * * *
The arrow burns you!
You are more poisoned.
* * * LOW HITPOINT WARNING * * *
As you read the scroll of teleportation, it crumbles to dust.
You feel strangely unstable.
You feel very sick.
An arrow appears from out of thin air!
The arrow hits you!
* * * LOW HITPOINT WARNING * * *
The arrow burns you.
You are lethally poisoned!
* * * LOW HITPOINT WARNING * * *
Vojtech casts a spell next to the fungus.
The puff of frost hits something.
* * * LOW HITPOINT WARNING * * *
You feel very sick.
* * * LOW HITPOINT WARNING * * *
You feel very sick.
You hear a loud twanging sound.
An arrow appears from out of thin air!
The arrow completely misses you.
You hear a loud twanging sound.
An arrow appears from out of thin air!
The arrow hits you!!
You die...

#.....# .# ..P.###..
##.....# .##.......
####......P
........###..........
.......##...........
##.....##...........#
#.......##P.........#
#P.......#..........P
#.(@...##...........
#.....###..........#
.###......##..........#
..........####..........
..........# #..........
......R...####.........#
............##..........
#......................#
#.....................†#


You could see the friendly Vojtech the battlemage.

Vanquished Creatures
  Snorg (Lair:5)
  A catoblepas (Lair:5)
  5 cane toads
  2 komodo dragons
  2 rime drakes
  A meliai (Lair:2)
  A hornet (D:8)
  8 blink frogs
  Prince Ribbit (D:9)
  26 yaks
  2 wyverns (D:9)
  A wraith (D:8)
  A basilisk (Lair:1)
  4 water moccasins
  2 orc warriors
  2 necrophages
  A black bear (Lair:3)
  An ice beast (D:8)
  2 ogres
  15 wolves
  A centaur (D:5)
  4 bullfrogs
  2 scorpions
  4 killer bees
  7 wights
  A centaur zombie (D:8)
  2 orc priests (D:8)
  2 iguanas
  3 orc wizards
  A howler monkey zombie (D:4)
  2 adders
  An adder skeleton (D:5)
  4 worms
  3 dart slugs
  11 orcs
  5 ball pythons
  6 bats
  6 endoplasms
  5 giant cockroaches
  7 goblins
  7 hobgoblins
  4 jackals (D:4)
  6 kobolds
  4 quokkas
  3 frilled lizards
  4 rats
  4 bushes (D:7)
188 creatures vanquished.

Vanquished Creatures (collateral kills)
  4 hydras
  The ghost of oldriver the Slinger, a novice FoHu of Hepliaklqana (D:7)
  A merfolk siren (Lair:4)
  2 black mambas
  5 cane toads
  3 komodo dragons
  12 blink frogs
  20 yaks
  2 wyverns
  3 basilisks
  A steam dragon (D:7)
  6 water moccasins
  2 orc warriors
  A sky beast (D:6)
  An ice beast (D:7)
  21 wolves
  A kobold brigand (D:9)
  5 bullfrogs
  A scorpion (D:7)
  3 killer bees (Lair:2)
  7 wights
  A bullfrog zombie (D:6)
  2 centaur zombies (D:7)
  2 hounds
  2 orc priests
  A jelly (D:7)
  An iguana (D:5)
  An orc wizard (D:9)
  A howler monkey zombie (D:9)
  2 howler monkey skeletons (D:6)
  An adder (D:5)
  A worm (D:5)
  6 orcs
  2 kobolds (D:9)
  9 bushes
134 creatures vanquished.

Vanquished Creatures (others)
  11 battlemagi
  19 fungi
  28 plants
58 creatures vanquished.

Grand Total: 380 creatures vanquished

Notes
Turn   | Place    | Note
-------+----------+-------------------------------------------
     0 | D:1      | issech the Troll Monk began the quest for the Orb.
     0 | D:1      | Reached XP level 1. HP: 22/22 MP: 0/0
   107 | D:1      | Found Niuf's Antique Armour Emporium.
   129 | D:1      | Reached XP level 2. HP: 25/29 MP: 1/1
   363 | D:1      | Found Panypp's Book Emporium.
   370 | D:1      | Reached skill level 3 in Maces & Flails
   854 | D:2      | Found a glowing golden altar of the Shining One.
   955 | D:2      | Reached XP level 3. HP: 36/36 MP: 2/2
  1267 | D:2      | Reached XP level 4. HP: 17/45 MP: 3/3
  1783 | D:3      | Found Sopser's Antique Armour Emporium.
  1791 | D:3      | Bought a crude robe for 119 gold pieces
  1791 | D:3      | Identified the +2 robe of Submission {Rampage Archmagi}
                  | (You bought it in a shop on level 3 of the Dungeon)
  1874 | D:3      | Identified the +3 leather armour "Damnable Contraption"
                  | {+Inv}
  2382 | D:4      | Noticed an ogre
  2486 | D:4      | Noticed a necrophage
  2508 | D:4      | Killed a necrophage
  2509 | D:4      | Reached skill level 4 in Maces & Flails
  2509 | D:4      | Reached skill level 1 in Shields
  2509 | D:4      | Reached XP level 5. HP: 53/53 MP: 4/4
  2625 | D:4      | Killed an ogre
  2626 | D:4      | Reached XP level 6. HP: 45/61 MP: 5/5
  2747 | D:4      | Found a staircase to the Ecumenical Temple.
  3243 | Temple   | Entered the Ecumenical Temple
  3629 | Temple   | Became a worshipper of Hepliaklqana the Forgotten
  3629 | Temple   | Reached * piety under Hepliaklqana
  3629 | Temple   | Reached ** piety under Hepliaklqana
  3630 | Temple   | Remembered your ancestor Vojtech as a battlemage
  3705 | D:5      | Entered Level 5 of the Dungeon
  4386 | D:5      | Reached skill level 5 in Maces & Flails
  4386 | D:5      | Reached XP level 7. HP: 59/60 MP: 6/6
  5062 | D:6      | Reached skill level 6 in Maces & Flails
  5064 | D:6      | Reached XP level 8. HP: 70/70 MP: 7/7
  5322 | D:7      | Identified a scroll of acquirement
  5323 | D:7      | Acquired a +1 eveningstar of protection
  5493 | D:7      | Found a white marble altar of Elyvilon.
  5558 | D:7      | Reached skill level 7 in Maces & Flails
  5588 | D:7      | Reached *** piety under Hepliaklqana
  5655 | D:7      | Found a runed translucent door.
  5655 | D:7      | Noticed oldriver's ghost (novice FoHu)
  6333 | D:7      | Killed oldriver's ghost
  6334 | D:7      | Reached skill level 8 in Maces & Flails
  6334 | D:7      | Reached XP level 9. HP: 76/76 MP: 8/8
  6556 | D:8      | Paralysed by a hornet for 2 turns
  6560 | D:8      | Reached skill level 5 in Dodging
  6881 | D:8      | Reached skill level 5 in Shields
  7196 | D:9      | Reached **** piety under Hepliaklqana
  7400 | D:9      | Reached XP level 10. HP: 83/84 MP: 9/9
  7427 | D:9      | Found Adeluke's Weapon Emporium.
  7433 | D:9      | Bought the +0 mace of Ifucigol {spect, rF+} for 258 gold
                  | pieces
  7521 | D:9      | Noticed Prince Ribbit
  7551 | D:9      | Killed Prince Ribbit
  7552 | D:9      | Reached skill level 9 in Maces & Flails
  7676 | D:9      | Reached skill level 5 in Fighting
  7676 | D:9      | Reached skill level 10 in Maces & Flails
  7822 | D:9      | Found a staircase to the Lair.
  8128 | Lair:1   | Entered Level 1 of the Lair of Beasts
  8399 | Lair:1   | Found a gate leading to a gauntlet.
  8424 | Lair:1   | Noticed a cane toad
  8432 | Lair:1   | Reached XP level 11. HP: 93/93 MP: 10/10
  8652 | Lair:1   | Reached skill level 11 in Maces & Flails
  9521 | Lair:2   | Identified the +7 plate armour of the Carpenter {rElec
                  | Str+2}
  9539 | Lair:2   | Reached skill level 12 in Maces & Flails
  9591 | Lair:2   | Found a hole to the Spider Nest.
  9763 | Lair:2   | Reached XP level 12. HP: 103/103 MP: 11/11
  9773 | Lair:2   | Reached ***** piety under Hepliaklqana
 10499 | Lair:3   | Noticed an eight-headed hydra
 10509 | Lair:3   | Killed an eight-headed hydra
 11504 | Lair:4   | Found a staircase to the Shoals.
 11575 | Lair:4   | Noticed a six-headed hydra
 11582 | Lair:4   | Killed a six-headed hydra
 11830 | Lair:4   | Noticed an eight-headed hydra
 11867 | Lair:4   | Killed an eight-headed hydra
 12499 | Lair:5   | Found a runed translucent door.
 12499 | Lair:5   | Found a viscous altar of Jiyva.
 12500 | Lair:5   | Found a staircase to the Slime Pits.
 12500 | Lair:5   | Noticed an azure jelly
 12500 | Lair:5   | Noticed an azure jelly
 12500 | Lair:5   | Noticed an azure jelly
 12503 | Lair:5   | Noticed a four-headed hydra
 12509 | Lair:5   | Killed a four-headed hydra
 12510 | Lair:5   | Reached skill level 13 in Maces & Flails
 12671 | Lair:5   | Noticed a catoblepas
 12692 | Lair:5   | Killed a catoblepas
 12693 | Lair:5   | Reached XP level 13. HP: 107/111 MP: 12/12
 12794 | Lair:5   | Noticed Snorg
 12802 | Lair:5   | Killed Snorg
 13100 | Lair:5   | Noticed Nessos
 13115 | Lair:5   | HP: 5/111 [poisoned by Nessos]
 13116 | Lair:5   | HP: 2/111 [poisoned by Nessos]
 13116 | Lair:5   | Shot with an arrow by something

Illustrated notes

Levels and vault maps discovered:
D:1:      mrwooster_arrival_statue_3, layout_basic, serial_shops, shop,
          nicolae_shop_crystal, serial_bayou_crossing
D:2:      layout_rooms, basic_altar, hex_medium
D:3:      layout_basic, serial_shops, shop, minmay_misc_feat_chi,
          grunt_ministairs_2, serial_bayou_pond_c
D:4:      layout_loops_ring, minmay_temple_entry_enclosed_plants,
          gup_sewer_entry_spiral
D:5:      layout_loops_corners
D:6:      layout_loops_ring, nicolae_underground_beach
D:7:      layout_basic, mainiacjoe_overflow_boulevard,
          hellmonk_ghost_happy_afterlife, minmay_hedge_maze
D:8:      nicolae_cairo_tiling_large, layout_basic
D:9:      layout_loops_ring, david_lair_shrubbed, serial_shops, shop,
          uniq_prince_ribbit1
Temple:   mainiacjoe_temple_cubbyholes
Lair:1:   layout_misc_corridors, gauntlet_entry_generic, minivault_19,
          minmay_holes, grunt_megastairs_3
Lair:2:   layout_gridlike, hellmonk_spider_entry_not_the_bees,
          grunt_forest_large_clearings
Lair:3:   layout_hall_layers, infiniplex_staircase_pool_2
Lair:4:   layout_regular_city, minmay_shoals_entry_lonely_mermaid,
          chequers_serial_rivers_large_a
Lair:5:   layout_cellular_growth, slime_altar_2, uniq_nessos, uniq_snorg

Skill      XL: |  1  2  3  4  5  6  7  8  9 10 11 12 |
---------------+-------------------------------------+-----
Maces & Flails | 3 4 5 6 8 10 12 13 | 13.3
Fighting       | 3 4 5 6 7 |  7.4
Dodging        | 3 4 5 6 8 |  8.1
Shields        | 1 2 3 4 5 6 7 9 |  9.3
Stealth        | 2 3 4 |  4.2
Armour         | |  0.1

Action                   |  1- 3 |  4- 6 |  7- 9 | 10-12 | 13-15 || total
-------------------------+-------+-------+-------+-------+-------++-------
Melee: Mace              |    96 |   202 |    46 |       |       ||   344
       Eveningstar       |       |       |   228 |   519 |    64 ||   811
Invok: Ancestor Life: Ba |       |     1 |       |       |       ||     1
  Use: Scroll            |     1 |       |    10 |     8 |     1 ||    20
 Stab: Sleeping          |     1 |     8 |     2 |     3 |     1 ||    15
       Distracted        |       |       |     3 |     8 |     1 ||    12
Armor: Robe              |    82 |    67 |    67 |   249 |    14 ||   479
       Troll leather arm |       |       |       |       |     9 ||     9
Dodge: Dodged            |    72 |    53 |    38 |   182 |    16 ||   361
Block: Tower shield      |    25 |   121 |   107 |   500 |    45 ||   798
